 Dungeon Sprint DCSS version 0.28.0-53-g5a82cb258f (webtiles) character file.

Game seed: 13005213018866553472

2736 Zeld the Transmogrifier (level 9, -40/81 HPs)
             Began as an Octopode Transmuter on June 6, 2022.
             Was a High Priest of Sif Muna.
             Killed from afar by an efreet (46 damage)
             ... with a fireball
             ... in the Dungeon (Sprint VII: "The Pits").
             The game lasted 00:03:59 (4101 turns).

Zeld the Transmogrifier (Octopode Transmuter)       Turns: 4101, Time: 00:03:59

Health: -40/81     AC:  8    Str: 13    XL:     9   Next: 67%
Magic:  16/24      EV: 10    Int: 15    God:    Sif Muna [*****.]
Gold:   0          SH:  0    Dex: 13    Spells: 14/31 levels left

rFire   x . .      SeeInvis .     - Unarmed
rCold   + + +      Faith    .   (shield currently unavailable)
rNeg    . . .      Spirit   .   (helmet currently unavailable)
rPois   +          Reflect  .   (no amulet)
rElec   .          Harm     .   (no ring)
rCorr   .          Rampage  .   (no ring)
Will    .....      NoTele   +   (no ring)
Stlth   +.........              (no ring)
HPRegen 0.23/turn               (no ring)
MPRegen 0.19/turn               (no ring)
                                (no ring)
                                (no ring)

@: ice-form, very slightly contaminated
A: freezing attack, boosted hp, almost no armour, amphibious, 8 rings, large,
(camouflage 1), (gelatinous body 1), (nimble swimmer 1), (tentacles)
a: End Transformation, Renounce Religion, Channel Magic, Forget Spell, Divine
Exegesis


You were in the Dungeon.
You worshipped Sif Muna.
Sif Muna was extremely pleased with you.
You were a creature of crystalline ice.
You visited 1 branch

Inventory:

Hand Weapons
 j - a +1 vorpal broad axe (melded)
Scrolls
 h - 5 scrolls of amnesia
Potions
 a - 8 potions of curing
 b - 6 potions of heal wounds
 c - 2 potions of haste
 d - 4 potions of magic
 e - 3 potions of berserk rage
 f - a potion of attraction {unknown}
 g - 2 potions of invisibility
 k - 2 potions of brilliance
 m - a potion of mutation
 n - a potion of resistance


   Skills:
 + Level 9.2 Fighting
 - Level 2.0 Dodging
 - Level 3.0 Unarmed Combat
 * Level 11.5 Spellcasting
 * Level 12.4 Transmutations
 - Level 2.0 Ice Magic
 + Level 3.8 Air Magic
 - Level 2.0 Poison Magic
 + Level 9.4 Invocations


You had 14 spell levels left.
You knew the following spells:

 Your Spells              Type           Power      Damage    Failure   Level
a - Beastly Appendage     Tmut           92%        N/A       1%          1
b - Wereblood             Tmut           46%        N/A       1%          2
c - Spider Form           Tmut/Pois      30%        N/A       1%          3
d - Ice Form              Ice/Tmut       30%        N/A       4%          4
e - Storm Form            Tmut/Air       16%        N/A       94%         7

Your spell library contained the following spells:

 Spells                   Type           Power      Damage    Failure   Level
 Static Discharge         Conj/Air       14%        N/A       6%          2
 Airstrike                Air            10%        N/A       17%         4
 Summon Lightning Spire   Summ/Air       14%        N/A       36%         4
 Summon Ice Beast         Ice/Summ       11%        N/A       50%         4
 Summon Forest            Summ/Tloc      4%         N/A       93%         5
 Haunt                    Necr/Summ      4%         N/A       100%        7


Dungeon Overview and Level Annotations

Branches:
Dungeon (1/1)

Altars:
Ashenzari
Cheibriados
Dithmenos
Elyvilon
Fedhas
Gozag
Hepliaklqana
Kikubaaqudgha
Makhleb
Nemelex Xobeh
Okawaru
Qazlal
Ru
Sif Muna
Trog
Uskayaw
Vehumet
Wu Jian
Xom
Yredelemnul
Zin
The Shining One
Beogh
Jiyva
Lugonu


Innate Abilities, Weirdness & Mutations

You are a creature of crystalline ice.
You have a powerful freezing melee attack.
Your maximum health is increased.
Your armour is entirely melded.
You are incapable of wielding weapons or throwing items.
You cannot wear most types of armour.
You are amphibious.
You can wear up to eight rings at the same time.
((Your skin changes colour to match your surroundings (Stealth+).))
((Your rubbery body absorbs attacks. (AC +1, EV +1)))
((You are camouflaged when in or above water. (Stealth+)))
((You have tentacles for arms and can constrict up to eight enemies at once.))


Message History

You start waiting.
There is a huge open gate to the Metal Vault (Medium), spattered with blood here.
You see here a dream sheep skeleton.
There is a huge open gate to the Metal Vault (Medium), spattered with blood here.
Things that are here:
a dream sheep skeleton; a dream sheep skeleton An efreet comes into view.
It is wielding a +4 scimitar of flaming.
Press: ? - help, v - describe, . - travel
Here: an efreet, wielding a +4 scimitar of flaming The floor.
Casting: Ice Form (dangerous; 4% risk of failure)
Confirm with . or Enter, or press ? or * to list all spells.
You miscast Ice Form.
You are very lightly contaminated with residual magic.
Nothing appears to happen.
The efreet gestures at you.
The fireball explodes!
The fireball engulfs you!!
Ouch! That really hurt!
The fireball engulfs the efreet.
The efreet completely resists.
Unknown command.
Casting: Ice Form (dangerous; 4% risk of failure)
Confirm with . or Enter, or press ? or * to list all spells.
You turn into a creature of crystalline ice.
Your +1 vorpal broad axe melds into your body.
The efreet gestures at you. The bolt of fire hits you!!
The fire burns you terribly!
* * * LOW HITPOINT WARNING * * *
Unknown command.
You hit the efreet but do no damage.
The efreet hits you with a +4 scimitar of flaming.
* * * LOW HITPOINT WARNING * * *
The efreet melts you.
* * * LOW HITPOINT WARNING * * *
Unknown command.
You hit the efreet. You freeze the efreet.
The efreet is lightly wounded.
The efreet gestures at you.
The fireball explodes!
The fireball engulfs you!!! The fire burns you terribly!
Ouch! That really hurt!
You die...

#####...<...##...##
)[.##.......##..##
)[.##.......##..#
#####.......##..#
#..###########..+
#.############..#
#.#....#..[[##..#
#)#....#=.[[##..##
#.'....'..))##..Y#
#'#....#..))##...R#
))#....#...)##....°.
#####################


You could see an efreet.

Vanquished Creatures
  An orc sorcerer (D)
  A guardian mummy (D)
  7 dream sheep (D)
  A flying skull (D)
  Edmund (D)
  A water moccasin (D)
  A black bear (D)
  A sky beast (D)
  A centaur (D)
  A bullfrog (D)
  2 scorpions (D)
  An iron imp (D)
  An adder (D)
  2 river rats (D)
  2 orcs (D)
  3 ball pythons (D)
  A bat skeleton (D)
  A giant cockroach (D)
  A kobold (D)
  A quokka (D)
  2 frilled lizards (D)
  A rat (D)
34 creatures vanquished.

Notes
Turn   | Place    | Note
-------+----------+-------------------------------------------
     0 | D        | Zeld the Octopode Transmuter began the quest for the Orb.
     0 | D        | Reached XP level 1. HP: 13/13 MP: 3/3
    31 | D        | Found a bloodstained altar of Trog.
    31 | D        | Found a shimmering blue altar of Sif Muna.
    31 | D        | Found a viscous altar of Jiyva.
    31 | D        | Found a hazy altar of Hepliaklqana.
    31 | D        | Found an opulent altar of Gozag.
    32 | D        | Found a glowing golden altar of the Shining One.
    32 | D        | Found a glowing silver altar of Zin.
    32 | D        | Found a basalt altar of Yredelemnul.
    32 | D        | Found a shimmering altar of Xom.
    32 | D        | Found an ornate altar of the Wu Jian Council.
    32 | D        | Found a sacrificial altar of Ru.
    32 | D        | Found a stormy altar of Qazlal.
    32 | D        | Found an iron altar of Okawaru.
    32 | D        | Found a sparkling altar of Nemelex Xobeh.
    32 | D        | Found a burning altar of Makhleb.
    32 | D        | Found a blossoming altar of Fedhas.
    32 | D        | Found a white marble altar of Elyvilon.
    32 | D        | Found a shadowy altar of Dithmenos.
    32 | D        | Found a snail-covered altar of Cheibriados.
    33 | D        | Found a radiant altar of Vehumet.
    33 | D        | Found a corrupted altar of Lugonu.
    34 | D        | Found an ancient bone altar of Kikubaaqudgha.
    34 | D        | Found a hide-covered altar of Uskayaw.
    34 | D        | Found a broken altar of Ashenzari.
    35 | D        | Became a worshipper of Sif Muna the Loreminder
   295 | D        | Noticed a scorpion
   300 | D        | Killed a scorpion
   301 | D        | Reached skill level 4 in Transmutations
   301 | D        | Reached XP level 2. HP: 18/21 MP: 2/7
   301 | D        | Reached XP level 3. HP: 23/26 MP: 2/8
   301 | D        | Reached XP level 4. HP: 27/31 MP: 2/10
   526 | D        | Learned a level 2 spell: Wereblood
   530 | D        | Learned a level 3 spell: Spider Form
   535 | D        | Learned a level 4 spell: Ice Form
   631 | D        | Reached * piety under Sif Muna
   904 | D        | Reached ** piety under Sif Muna
   909 | D        | Reached skill level 5 in Transmutations
   909 | D        | Reached skill level 1 in Ice Magic
   909 | D        | Reached skill level 1 in Poison Magic
  1324 | D        | Noticed a black bear
  1340 | D        | Killed a black bear
  1340 | D        | Reached *** piety under Sif Muna
  1341 | D        | Reached skill level 5 in Fighting
  1341 | D        | Reached skill level 5 in Spellcasting
  1341 | D        | Reached skill level 6 in Transmutations
  1341 | D        | Reached XP level 5. HP: 23/39 MP: 7/13
  1344 | D        | Noticed a flying skull
  1749 | D        | Killed a flying skull
  1750 | D        | Reached skill level 7 in Transmutations
  1750 | D        | Reached skill level 5 in Invocations
  1750 | D        | Reached XP level 6. HP: 9/46 MP: 12/16
  2178 | D        | Reached **** piety under Sif Muna
  2179 | D        | Reached skill level 8 in Transmutations
  2394 | D        | Reached XP level 7. HP: 44/52 MP: 14/18
  2631 | D        | Noticed Edmund
  2637 | D        | Killed Edmund
  2641 | D        | Reached skill level 9 in Transmutations
  2958 | D        | Noticed an orc sorcerer
  2982 | D        | Paralysed by an orc sorcerer for 3 turns
  2986 | D        | Killed an orc sorcerer
  2986 | D        | Reached ***** piety under Sif Muna
  2987 | D        | Reached skill level 10 in Transmutations
  2987 | D        | Reached XP level 8. HP: 53/60 MP: 19/21
  3357 | D        | Noticed a guardian mummy
  3374 | D        | Killed a guardian mummy
  3374 | D        | Received a gift from Sif Muna
  3375 | D        | Reached skill level 10 in Spellcasting
  3375 | D        | Reached skill level 11 in Transmutations
  3377 | D        | Got Wedo's Almanac of Supportive Air {god gift}
  3525 | D        | Learned a level 7 spell: Storm Form
  3737 | D        | Noticed a dream sheep
  3738 | D        | Noticed a dream sheep
  3747 | D        | Noticed a dream sheep
  3748 | D        | Noticed a dream sheep
  3749 | D        | Noticed a dream sheep
  3749 | D        | Noticed a dream sheep
  3750 | D        | Noticed a dream sheep
  3751 | D        | Killed a dream sheep
  3752 | D        | Reached skill level 1 in Air Magic
  3752 | D        | Reached XP level 9. HP: 32/67 MP: 23/23
  3762 | D        | Reached skill level 12 in Transmutations
  4096 | D        | Noticed an efreet
  4101 | D        | Killed from afar by an efreet

Illustrated notes

Levels and vault maps discovered:
D:        pitsprint [storerooms_1, entrance_room_1, metal_vault_6, armoury_1,
          mini_pit_1, grid_room_1, main_hall_1, silver_pit, the_coven_3,
          the_vestibule_1, steel_vault_2, golden_pit, hallway_of_sentries,
          crystal_vault_5, iron_vault_1, final_vault]

Skill      XL: |  1  2  3  4  5  6  7  8  9 |
---------------+----------------------------+-----
Fighting       | 3 5 6 7 8 9 |  9.2
Spellcasting   | 4 5 7 9 10 11 | 11.5
Transmutations | 4 6 7 8 10 11 12 | 12.4
Invocations    | 2 4 5 7 8 9 |  9.4
Ice Magic      | 2 |  2.0
Poison Magic   | 2 |  2.0
Air Magic      | 1 3 |  3.8
Dodging        | |  2.0
Unarmed Combat | |  3.0

Action                   |  1- 3 |  4- 6 |  7- 9 || total
-------------------------+-------+-------+-------++-------
Melee: Unarmed           |     5 |    71 |    39 ||   115
       Constrict         |     2 |     3 |     4 ||     9
       Kick              |     1 |     3 |       ||     4
       Tentacles         |       |     1 |     6 ||     7
       Punch             |       |     1 |       ||     1
       Broad axe         |       |       |    12 ||    12
 Cast: Beastly Appendage |     1 |     2 |       ||     3
       Spider Form       |       |     5 |     2 ||     7
       Wereblood         |       |     1 |       ||     1
       Ice Form          |       |     1 |     3 ||     4
 Abil: End Transformatio |       |       |     1 ||     1
  Use: Potion            |     1 |       |     5 ||     6
       Scroll            |       |     1 |     1 ||     2
Armor: Skin              |     1 |    11 |     8 ||    20
Dodge: Dodged            |     1 |    69 |    40 ||   110
